 Dungeon Crawl Stone Soup version 0.27-a0-1325-g58a489ad9e (webtiles) character file.

Game seed: 7001861952096863031

8288 Brandom the Fighter (level 11, -7/90 HPs)
             Began as a Demonspawn Delver on June 22, 2021.
             Was an Elder of Yredelemnul.
             Shot with an arrow by a centaur warrior (13 damage)
             ... on level 11 of the Dungeon on June 24, 2021.
             The game lasted 00:46:09 (14216 turns).

Brandom the Fighter (Demonspawn Delver)            Turns: 14216, Time: 00:46:10

Health: -7/90      AC: 16    Str: 17    XL:     11   Next: 7%
Magic:  11/16      EV: 13    Int: 15    God:    Yredelemnul [****..]
Gold:   630        SH:  0    Dex: 14    Spells: 10/10 levels left

rFire    . . .     SeeInvis +   p - +0 great sword (flame)
rCold    + + +     Faith    .   (shield currently unavailable)
rNeg     . . .     Spirit   .   R - +3 ring mail "Yril" {rC+++ Int+4 Stlth-}
rPois    .         Reflect  .   n - +2 helmet
rElec    .         Harm     .   l - +1 cloak
rCorr    .         Rampage  .   (no gloves)
Will     .....                  W - +0 pair of boots
Stlth    +.........             (no amulet)
HPRegen  0.25/turn              z - ring of see invisible
MPRegen  0.15/turn              (no ring)

@: no status effects
A: hooves 2, ignite blood 1, powered by death 2
a: Renounce Religion, Recall Undead Slaves, Injury Mirror, Animate Dead, Drain
Life


You were on level 11 of the Dungeon.
You worshipped Yredelemnul.
Yredelemnul was greatly pleased with you.
You visited 1 branch of the dungeon, and saw 11 of its levels.

You collected 630 gold pieces.

Inventory:

Hand Weapons
 a - a +0 falchion
 p - a +0 great sword of flaming (weapon)
   (You took it off an orc wizard on level 3 of the Dungeon)
Missiles
 J - 2 throwing nets (quivered) {!f}
 P - 5 curare-tipped darts {!f}
Armour
 b - a +0 leather armour
 j - a +0 ring mail
   (You found it on level 1 of the Dungeon)
 l - a +1 cloak (worn)
   (You found it on level 2 of the Dungeon)
 n - a +2 helmet (worn)
   (You took it off Robin on level 3 of the Dungeon)
 A - a +0 ring mail of poison resistance
   (You took it off a gnoll on level 1 of the Dungeon)
 K - +0 acid dragon scales
   (You found it on level 8 of the Dungeon)
 R - the +3 ring mail "Yril" (worn) {rC+++ Int+4 Stlth-}
   (You found it on level 9 of the Dungeon)

   It affects your intelligence (+4).
   It renders you almost immune to cold.
   It makes you less stealthy.
 W - a +0 pair of boots (worn)
   (You found it on level 11 of the Dungeon)
Jewellery
 z - a ring of see invisible (left hand)
   (You found it on level 8 of the Dungeon)
 T - an amulet of faith {!P}
   (You found it on level 10 of the Dungeon)
Wands
 d - a wand of iceblast (14)
   (You found it on level 8 of the Dungeon)
 h - a wand of polymorph (9)
   (You found it on level 5 of the Dungeon)
 t - a wand of flame (12)
   (You found it on level 9 of the Dungeon)
 v - a wand of digging (3)
 x - a wand of acid (1)
   (You found it on level 5 of the Dungeon)
Scrolls
 c - a scroll of fog
 e - 4 scrolls of fear
 k - a scroll of amnesia {unknown}
 o - a scroll of holy word {unknown}
 r - 2 scrolls of immolation {unknown}
 s - 2 scrolls of noise {!r}
 w - 4 scrolls of enchant weapon {unknown}
 y - a scroll of vulnerability {unknown}
 C - 3 scrolls of teleportation {@r4}
 D - a scroll of brand weapon
 E - 2 scrolls of torment {unknown}
 F - 2 scrolls of enchant armour
 L - 3 scrolls of magic mapping
 N - a scroll of summoning
 Q - 2 scrolls of identify {@r1}
 S - a scroll of blinking {unknown}
 V - a scroll of silence {unknown}
Potions
 f - 7 potions of haste {@q3}
 g - a potion of resistance
 i - 2 potions of cancellation
 m - 5 potions of brilliance
 q - 2 potions of heal wounds {@q2}
 u - a potion of mutation {unknown}
 B - 7 potions of curing {@q1}
 G - a potion of degeneration {unknown}
 H - 3 potions of might {unknown}
 I - a potion of invisibility {unknown}
 M - a potion of attraction {unknown}
 O - 2 potions of flight
 U - a potion of ambrosia {unknown}


   Skills:
 * Level 9.8 Fighting
 * Level 8.8 Long Blades
 + Level 5.9 Armour
 + Level 6.3 Dodging
 - Level 4.5 Stealth
 + Level 7.9 Invocations


You had 10 spell levels left.
You didn't know any spells.
Your spell library contained the following spells:

 Spells                   Type           Power      Damage    Failure   Level
 Magic Dart               Conj           0%         1d3       43%         1
 Searing Ray              Conj           0%         3d3       56%         2
 Dazzling Flash           Conj/Hex       0%         N/A       80%         3
 Fulminant Prism          Conj/Hex       0%         3d6       99%         4
 Iskenderun's Mystic Bla  Conj/Tloc      0%         2d3       99%         4


Dungeon Overview and Level Annotations

Branches:
Dungeon (11/15)            Temple (0/1) D:7            Lair (0/6) D:9
    Orc (0/2) D:9

Altars:
Ashenzari
Cheibriados
Fedhas
Hepliaklqana
Nemelex Xobeh
Qazlal
Sif Muna
Trog
Vehumet
Xom
Yredelemnul


Innate Abilities, Weirdness & Mutations

You have hoof-like feet.
Your demonic aura sometimes causes spilled blood to erupt in flames.
You regenerate health from kills.


Message History

You swap places.
Your flying skull hits the tengu warrior.
The tengu warrior blocks your flying skull's attack.
The tengu warrior barely misses your flying skull.
The tengu warrior pecks your flying skull but does no damage.
The tengu warrior completely misses your flying skull.
A vampire comes into view.
You swap places.
The tengu warrior blocks your flying skull's attack.
The tengu warrior hits your flying skull with a +0 bardiche!!
Your flying skull is destroyed!
The vampire moves out of view.
You open the door.
The tengu warrior blocks your flying skull's attack.
The tengu warrior hits your flying skull with a +0 bardiche!
The tengu warrior misses your flying skull.
The tengu warrior claws your flying skull but does no damage.
Your flying skull hits the tengu warrior.
A centaur warrior comes into view. It is wielding a +0 shortbow.
The tengu warrior hits your flying skull with a +0 bardiche!
Your flying skull is destroyed!
There is an open door here.
The centaur warrior wields a +0 shortbow.
The centaur warrior shoots an arrow.
The arrow hits you but does no damage.
The centaur warrior shoots an arrow.
The arrow hits you.
The centaur warrior shoots an arrow.
The arrow hits you!
The centaur warrior shoots an arrow.
The arrow hits you!
* * * LOW HITPOINT WARNING * * *
The centaur warrior shoots an arrow.
The arrow barely misses you.
You begin recalling your allies.
Your wraith is recalled.
Your troll zombie is recalled.
Your wight is recalled.
You finish recalling your allies.
The centaur warrior shoots an arrow.
The arrow barely misses your wight. The arrow closely misses you.
You begin recalling your allies.
You finish recalling your allies.
The centaur warrior shoots an arrow.
The arrow hits your wight!
You begin recalling your allies.
You finish recalling your allies.
The centaur warrior shoots an arrow.
The arrow hits your wight!!
Your wight is destroyed!
The centaur warrior shoots an arrow.
The arrow hits you!
* * * LOW HITPOINT WARNING * * *
The centaur warrior shoots an arrow.
The arrow hits your wraith!!
The centaur warrior shoots an arrow.
The arrow hits your troll zombie!
The centaur warrior shoots an arrow.
The arrow hits your wraith!
Your wraith is destroyed!
You hear a shout!
The centaur warrior shoots an arrow.
The arrow hits you!!
* * * LOW HITPOINT WARNING * * *
The centaur warrior shoots an arrow.
The arrow hits you!
You die...
Your body rises from the dead as a mindless zombie.

##.............#.+
##............c#.#
#...>)...........#
#..............).##
##..............[..##
#.....<.............##
#.......)......Z.....#
.............(...#...........
...........###.@#############
...........# #....#
........#).# ##.#...#
#########..# #.###.# ..## #..
# ... ###


You could see a centaur warrior and a friendly troll zombie.

Vanquished Creatures
  2 two-headed ogres
  Sonja (D:11)
  A gargoyle (D:7)
  Joseph (D:7)
  An unseen horror (D:6)
  A troll (D:11)
  2 hornets (D:9)
  6 yaks (D:10)
  2 steam dragons
  A wyvern (D:10)
  Menkaure (D:7)
  3 acid dragons
  A water moccasin (D:7)
  Duvessa (D:7)
  3 orc warriors
  2 ice beasts (D:6)
  A necrophage (D:5)
  A sky beast (D:6)
  2 black bears
  3 centaurs
  A kobold brigand (D:9)
  A gnoll sergeant (D:5)
  A wyvern skeleton (D:7)
  6 killer bees
  8 wights (D:9)
  An electric eel (D:9)
  6 howler monkeys
  A bullfrog zombie (D:6)
  3 centaur zombies
  3 hounds
  2 jellies
  An orc priest (D:8)
  2 centaur skeletons (D:7)
  2 iguanas
  2 orc wizards
  A killer bee zombie (D:8)
  A hound skeleton (D:4)
  Robin (D:3)
  2 howler monkey zombies
  6 gnolls
  4 adders
  A shadow imp (D:7)
  2 white imps
  An adder skeleton (D:4)
  A worm (D:2)
  3 dart slugs
  20 orcs
  3 ball pythons
  3 bats
  4 endoplasms
  4 giant cockroaches
  17 goblins
  14 hobgoblins
  12 jackals (D:1)
  2 quokkas
  A steam dragon zombie (D:9)
  An acid dragon zombie (D:8)
  2 frilled lizards
  A hobgoblin zombie (D:1)
  A jackal zombie (D:1)
  9 kobolds
  An orc zombie (D:9)
  8 rats
202 creatures vanquished.

Vanquished Creatures (collateral kills)
  A kobold demonologist (D:11)
  An ogre (D:4)
  A gnoll sergeant (D:9)
  Dowan (D:7)
  2 killer bees (D:10)
  A wight (D:9)
  2 howler monkeys (D:10)
  An orc priest (D:10)
  An orc wizard (D:8)
  3 gnolls (D:9)
  9 orcs
  2 goblins (D:1)
  A hobgoblin (D:4)
26 creatures vanquished.

Vanquished Creatures (others)
  3 flying skulls (D:11)
  2 wraiths (D:11)
  A wight (D:11)
  A mummy (D:9)
  A centaur zombie (D:11)
  A yak zombie (D:10)
  An acid dragon zombie (D:10)
  A dart slug zombie (D:5)
  An elf zombie (D:7)
  2 giant cockroach zombies (D:1)
  A hobgoblin zombie (D:1)
  A hound zombie (D:6)
  3 howler monkey zombies
  An iguana zombie (D:6)
  A killer bee zombie (D:9)
  2 kobold zombies
  3 orc zombies (D:10)
  A quokka zombie (D:1)
  A bush (D:5)
  19 plants (D:2)
47 creatures vanquished.

Grand Total: 275 creatures vanquished

Notes
Turn   | Place    | Note
-------+----------+-------------------------------------------
     0 | D:5      | Brandom the Demonspawn Delver began the quest for the Orb.
     0 | D:5      | Reached XP level 1. HP: 18/18 MP: 1/1
   256 | D:1      | Upgraded the game from 0.27-a0-1322-gfdffb62a71 to
                  | 0.27-a0-1325-g58a489ad9e
   725 | D:1      | Gained mutation: Your demonic aura sometimes causes spilled
                  | blood to erupt in flames. [demonic ancestry]
   725 | D:1      | Reached XP level 2. HP: 24/24 MP: 2/2
  1445 | D:2      | Gained mutation: You have large cloven feet. [demonic
                  | ancestry]
  1445 | D:2      | Reached XP level 3. HP: 29/29 MP: 3/3
  1693 | D:2      | Reached skill level 1 in Armour
  2561 | D:3      | Gained mutation: You regenerate a little health from kills.
                  | [demonic ancestry]
  2561 | D:3      | Reached XP level 4. HP: 28/37 MP: 4/4
  2565 | D:3      | Noticed Robin
  2573 | D:3      | Killed Robin
  2847 | D:3      | Reached skill level 4 in Fighting
  2973 | D:3      | Found a snail-covered altar of Cheibriados.
  2976 | D:3      | Found a faded altar of an unknown god.
  2986 | D:3      | Became a worshipper of Yredelemnul the Dark
  2986 | D:3      | Reached * piety under Yredelemnul
  3771 | D:1      | Reached XP level 5. HP: 40/42 MP: 5/5
  3777 | D:1      | Reached ** piety under Yredelemnul
  4058 | D:1      | You fall into a shaft and drop 1 floor!
  4544 | D:4      | Noticed an ogre
  4604 | D:4      | Killed an ogre
  4605 | D:4      | Reached skill level 1 in Invocations
  4653 | D:4      | Reached XP level 6. HP: 49/49 MP: 6/6
  4662 | D:4      | You fall into a shaft and drop 3 floors!
  4736 | D:7      | Noticed Menkaure
  4771 | D:7      | Noticed a gargoyle
  4772 | D:7      | Found a hazy altar of Hepliaklqana.
  4786 | D:7      | Noticed Duvessa
  4829 | D:7      | Found a bloodstained altar of Trog.
  4901 | D:7      | Reached skill level 5 in Fighting
  4912 | D:7      | Gained mutation: You regenerate health from kills. [demonic
                  | ancestry]
  4912 | D:7      | Reached XP level 7. HP: 56/56 MP: 3/8
  5026 | D:6      | Found a basalt altar of Yredelemnul.
  5543 | D:4      | Found a sparkling altar of Nemelex Xobeh.
  5723 | D:4      | Found a blossoming altar of Fedhas.
  6273 | D:5      | Reached skill level 5 in Long Blades
  6273 | D:5      | Gained mutation: You have hoof-like feet. [demonic
                  | ancestry]
  6273 | D:5      | Reached XP level 8. HP: 62/64 MP: 10/10
  6311 | D:5      | Reached skill level 6 in Fighting
  8281 | D:6      | Killed an unseen horror
  8483 | D:6      | Found a broken altar of Ashenzari.
  8598 | D:7      | Reached skill level 7 in Fighting
  8616 | D:7      | Found a stormy altar of Qazlal.
  8618 | D:7      | Noticed an air elemental
  8636 | D:7      | Found a staircase to the Ecumenical Temple.
  8709 | D:7      | Noticed Dowan
  8714 | D:7      | Killed Dowan
  8715 | D:7      | Reached XP level 9. HP: 59/72 MP: 12/12
  8719 | D:7      | Killed Duvessa
  8720 | D:7      | Reached skill level 5 in Invocations
  8979 | D:7      | Noticed Joseph
  9001 | D:7      | Killed Joseph
  9253 | D:7      | Found a faded altar of an unknown god.
  9258 | D:7      | Your ally Duvessa died
  9260 | D:7      | Killed a gargoyle
  9440 | D:7      | Found a shimmering altar of Xom.
  9599 | D:7      | Found a shimmering altar of Xom.
  9637 | D:7      | Found a bloodstained altar of Trog.
  9662 | D:7      | Killed Menkaure
  9861 | D:7      | Found a faded altar of an unknown god.
  9862 | D:7      | Found a hazy altar of Hepliaklqana.
  9897 | D:7      | Found a staircase to the Ecumenical Temple.
 10122 | D:7      | Found a stormy altar of Qazlal.
 10366 | D:8      | Reached *** piety under Yredelemnul
 10588 | D:8      | Reached skill level 5 in Dodging
 10678 | D:8      | Noticed a two-headed ogre
 10684 | D:8      | Killed a two-headed ogre
 10685 | D:8      | Reached skill level 8 in Fighting
 11214 | D:9      | Paralysed by a hornet for 3 turns
 11220 | D:9      | Reached XP level 10. HP: 51/82 MP: 14/14
 11434 | D:9      | Received a gift from Yredelemnul (a mummy)
 11472 | D:9      | Reached skill level 5 in Armour
 11576 | D:9      | Found a staircase to the Lair.
 11728 | D:9      | Received a gift from Yredelemnul (a wight)
 11825 | D:9      | Identified the +3 ring mail "Yril" {rC+++ Int+4 Stlth-}
 12094 | D:9      | Found a staircase to the Orcish Mines.
 12329 | D:10     | Entered Level 10 of the Dungeon
 12401 | D:10     | Reached skill level 9 in Fighting
 12492 | D:10     | Found a shimmering blue altar of Sif Muna.
 12700 | D:10     | Received a gift from Yredelemnul (3 flying skulls)
 12707 | D:10     | Reached **** piety under Yredelemnul
 12713 | D:10     | Received a gift from Yredelemnul (a wraith)
 13105 | D:10     | Noticed a two-headed ogre
 13109 | D:10     | Killed a two-headed ogre
 13270 | D:10     | Found a radiant altar of Vehumet.
 13738 | D:11     | Noticed Sonja
 13741 | D:11     | Noticed a sixfirhy
 13967 | D:11     | Received a gift from Yredelemnul (a wraith)
 13967 | D:11     | Killed Sonja
 13968 | D:11     | Reached XP level 11. HP: 47/90 MP: 16/16
 14194 | D:11     | Noticed a tengu warrior
 14194 | D:11     | Noticed a deep elf pyromancer
 14199 | D:11     | Your ally Sonja died
 14200 | D:11     | Noticed a centaur warrior
 14216 | D:11     | Shot with an arrow by a centaur warrior

Illustrated notes

Levels and vault maps discovered:
D:1:      heliophobic_arrival_enchanted_forest, layout_basic,
          minmay_pentomino_v4
D:2:      layout_basic, serial_bayou, serial_bayou_pond_a, serial_bayou_ford_a,
          serial_bayou_shore_a, serial_bayou_lagoon_b
D:3:      layout_basic, overflow_temple_1_default, basic_ecumenical_altar,
          uniq_robin
D:4:      layout_loops_cross, lemuel_coloured_pillars_altar,
          nemelex_spade_bored_becter
D:5:      cheibrodos_iron_armory, layout_basic, kb_lookout_dungeons_type,
          lightli_minifort
D:6:      layout_rooms, nicolae_overflow_crystal_walls, kennysheep_little_box
D:7:      layout_basic, beargit_hepliaklqana_dungeon_heroes,
          trog_three_pillars_becter, general_overflow_altar,
          nicolae_qazlal_style_of_elements,
          minmay_temple_entry_statues_fountains, uniq_joseph, uniq_menkaure,
          uniq_duvessa
D:8:      layout_gridville
D:9:      layout_big_octagon, lair_entry_dummy, orc_0_dummy
D:10:     layout_basic, vehumet_crystals, led_sif_book, special_room
          [special_room_orc], minmay_fountain_box
D:11:     minmay_the_grid_octo_triangle [minmay_the_grid_octo_thin_diamonds,
          minmay_the_grid_octo_prize_big_c, minmay_the_grid_octo_checkerflower],
          layout_rooms, grunt_tough_drop, uniq_sonja

Skill      XL: |  1  2  3  4  5  6  7  8  9 10 |
---------------+-------------------------------+-----
Long Blades    | 2 3 4 5 6 7 8 |  8.8
Dodging        | 2 3 4 5 6 |  6.3
Armour         | 1 2 3 4 5 |  5.9
Fighting       | 4 5 7 8 9 |  9.8
Invocations    | 1 2 3 4 6 7 |  7.9
Stealth        | |  4.5

Action                   |  1- 3 |  4- 6 |  7- 9 | 10-12 || total
-------------------------+-------+-------+-------+-------++-------
Melee: Falchion          |   134 |    17 |    30 |       ||   181
       Kick              |    15 |    37 |    80 |    35 ||   167
       Great sword       |       |    91 |   172 |   118 ||   381
Throw: Throwing net      |       |       |     2 |       ||     2
Invok: Animate Remains   |       |    14 |    14 |       ||    28
       Animate Dead      |       |       |     7 |    46 ||    53
       Recall Undead Sla |       |       |       |     3 ||     3
Evoke: Wand              |       |       |     2 |       ||     2
  Use: Scroll            |       |       |    12 |       ||    12
       Potion            |       |       |     3 |     1 ||     4
 Stab: Sleeping          |     4 |     2 |       |       ||     6
       Distracted        |       |       |     2 |     1 ||     3
Armor: Leather armour    |    10 |       |       |       ||    10
       Ring mail         |    26 |    52 |   134 |    65 ||   277
       Acid dragon scale |       |       |    29 |    20 ||    49
Dodge: Dodged            |   100 |    87 |   134 |   134 ||   455
       Rpst.: Falchion   |    29 |     5 |       |       ||    34
       Great sword       |       |    22 |    49 |    37 ||   108

Table legend: (Time is in decaauts)
 A = Elapsed time spent in this place.
 B = Non-inter-level travel time spent in this place.
 C = Inter-level travel time spent in this place.
 D = Time resting spent in this place.
 E = Time spent auto-exploring this place.
 F = Levels seen in this place.
 G = Mean time per level.
                   A        B        C        D        E       F      G
               +--------+--------+--------+--------+--------+-----+--------+
         Total |  14496 |  13978 |    518 |   2974 |   8572 |  11 | 1317.8 |
       Dungeon |  14496 |  13978 |    518 |   2974 |   8572 |  11 | 1317.8 |
               +--------+--------+--------+--------+--------+-----+--------+

Top non-repeatable levels by time:
     D:7: 2075 daAuts
     D:5: 1967 daAuts
     D:2: 1886 daAuts
     D:1: 1837 daAuts
    D:10: 1648 daAuts
     D:9: 1123 daAuts
     D:6: 1069 daAuts
     D:8: 971 daAuts
     D:4: 919 daAuts
     D:3: 708 daAuts
    D:11: 288 daAuts
